 Dungeon Crawl Stone Soup version 0.23-a0-309-ge7838e6b1f (webtiles) character file.

819 dumss the Chopper (level 7, -8/62 HPs)
             Began as a Hill Orc Fighter on Oct 11, 2018.
             Mangled by an ogre
             ... wielding a cursed -1 giant club
              (22 damage)
             ... on level 4 of the Dungeon.
             The game lasted 00:11:39 (3516 turns).

dumss the Chopper (Hill Orc Fighter)                Turns: 3516, Time: 00:11:39

Health: -8/62      AC: 12    Str: 21    XL:     7   Next: 95%
Magic:  7/7        EV:  7    Int:  8    God:
Gold:   205        SH: 10    Dex: 10    Spells: 6/6 levels left

rFire    . . .     SeeInvis .   a - +1 war axe
rCold    + . .     Gourm    .   c - +0 shield
rNeg     + . .     Faith    .   l - +1 scale mail {rN+}
rPois    +         Spirit   .   n - +2 helmet
rElec    .         Reflect  .   t - +0 cloak {rPois}
rCorr    .         Harm     .   (no gloves)
MR       .....                  (no boots)
Stlth    ..........             (no amulet)
HPRegen  0.20/turn              (no ring)
MPRegen  0.10/turn              s - ring of protection from cold {rC+, !d}

@: no status effects
A: no striking features
a: no special abilities


You were on level 4 of the Dungeon.
You were not hungry.

You visited 1 branch of the dungeon, and saw 4 of its levels.

You collected 205 gold pieces.

Inventory:

Hand Weapons
 a - a +1 war axe (weapon)
Armour
 b - a +0 scale mail
 c - a +0 shield (worn)
 l - a +1 scale mail of positive energy (worn)
   (You found it on level 1 of the Dungeon)
 n - a +2 helmet (worn)
   (You took it off Robin on level 3 of the Dungeon)
 t - a +0 cloak of poison resistance (worn)
   (You took it off Crazy Yiuf on level 3 of the Dungeon)
Jewellery
 s - a ring of protection from cold (right hand) {rC+, !d}
   (You found it on level 3 of the Dungeon)
Scrolls
 g - 10 scrolls of identify
 h - a scroll of enchant weapon
 j - 4 scrolls of remove curse
 r - a scroll of noise {unknown}
 w - a scroll of immolation {unknown}
Potions
 d - a potion of might
 e - 2 potions of mutation {unknown}
 i - a potion of invisibility {unknown}
 k - 2 potions of curing
 m - a potion of agility {unknown}
 q - a potion of heal wounds {unknown}
 v - a potion of brilliance {unknown}
Comestibles
 f - 4 rations


   Skills:
 + Level 5.8 Fighting
 * Level 7.5 Axes
 + Level 5.3 Armour
 + Level 5.3 Shields


You had 6 spell levels left.
You didn't know any spells.
Your spell library was empty.

Dungeon Overview and Level Annotations

Branches:
Dungeon (4/15)
 Temple: D:4-7

Altars:


Message History

A scorpion is nearby!
A scorpion is nearby!
A scorpion is nearby!
Unknown command.
A scorpion is nearby!
A scorpion is nearby!
A scorpion is nearby!
A scorpion is nearby!
A scorpion is nearby!
A scorpion is nearby!
Unknown command.
You start waiting.
The scorpion is too close now for your liking.
A scorpion is nearby!
A scorpion is nearby!
You slash the scorpion!
The scorpion stings you but does no damage.
You block the scorpion's attack.
You barely miss the scorpion.
The scorpion stings you but does no damage.
You completely miss the scorpion.
The scorpion stings you but does no damage.
Unknown command.
You barely miss the scorpion. You block the scorpion's attack.
You slash the scorpion!
You kill the scorpion!
A quokka skeleton comes into view.
A quokka skeleton is nearby!
You slash the quokka skeleton!
You destroy the quokka skeleton!
Unknown command.
Put on which piece of jewellery? (? for menu, Esc to quit)
Oops, that ring feels deathly cold.
u - a cursed ring of attention (left hand) Put on which piece of jewellery? (? for menu, Esc to quit)
s - a ring of protection from cold (right hand)
As you read the scroll labeled BYUMAV ZICUCIN, it crumbles to dust.
It is a scroll of enchant weapon.
Your +0 war axe glows red for a moment.
As you read the scroll labeled CUOKHOPPUVI, it crumbles to dust.
The scroll dissolves into smoke.
It was a scroll of fog.
f - 4 rations (gained 1)
You see here 2 javelins.
Found a stone staircase leading down.
Put on which piece of jewellery? (? for menu, Esc to quit)
Okay, then.
As you read the scroll labeled KICZOPT GIFEXT, it crumbles to dust.
You assume a fearsome visage.
Nothing appears to happen.
It was a scroll of fear.
As you read the scroll labeled QIPLID YMNEOTU, it crumbles to dust.
You hear a very strange noise.
It was a scroll of random uselessness.
As you read the scroll labeled WISONK YWISHRI, it crumbles to dust.
It is a scroll of identify.
j - 6 scrolls of remove curse Your cursed ring of attention is stuck to you!
As you read the scroll of remove curse, it crumbles to dust.
You feel as if something is helping you.
You remove your ring of attention.
You drop an uncursed ring of attention.
It was a potion of curing.
You feel better. As you open the door, it creaks loudly!
A worker ant comes into view.
The worker ant twitches its antennae in your direction.
There is an open door here.
The worker ant bites you but does no damage.
You completely miss the worker ant.
The worker ant bites you but does no damage. x2
You barely miss the worker ant. The worker ant barely misses you.
You slash the worker ant! You block the worker ant's attack.
You completely miss the worker ant.
The worker ant bites you but does no damage. x2
You slash the worker ant!
You kill the worker ant!
m - a brass ring Oops, that ring feels deathly cold.
m - a cursed -3 ring of evasion (left hand)
As you read the scroll of remove curse, it crumbles to dust.
You feel as if something is helping you.
You remove your -3 ring of evasion.
You drop a -3 ring of evasion.
m - a yellow potion
There is a stone staircase leading up here.
An ogre comes into view. It is wielding a giant club.
The ogre shouts!
You block the ogre's attack.
Your shield and scale mail prevent you from hitting the ogre.
The ogre hits you with a giant club!
You take 8 damage, and have 54/62 hp.
You barely miss the ogre. You block the ogre's attack.
You barely miss the ogre. The ogre hits you with a giant club!!
You take 21 damage, and have 33/62 hp.
MASSIVE DAMAGE!!
You slash the ogre! You hit the ogre. The ogre hits you with a giant club!!
* * * LOW HITPOINT WARNING * * *
You take 20 damage, and have 14/62 hp.
MASSIVE DAMAGE!!
You barely miss the ogre. The ogre hits you with a giant club!!
You die...

## # .# #.#####
.# (...##.# .
##O....#
..#######<.@..##
...............#
...........(#..#
.#
...............#
.#
#######<....##.#
.#
#.........#....#
.#
#.........######
.#
#........)....#
.#
#).......####.#


You could see an ogre.

Vanquished Creatures
  Menkaure (D:4)
  2 ogres (D:4)
  A phantom (D:4)
  A scorpion (D:4)
  Crazy Yiuf (D:3)
  A hound (D:4)
  Terence (D:2)
  2 orc wizards
  3 worker ants (D:4)
  A hound skeleton (D:4)
  Robin (D:3)
  7 adders
  3 oozes (D:3)
  3 dart slugs
  3 leopard geckos
  8 orcs
  4 bats
  7 giant cockroaches
  12 goblins
  9 hobgoblins
  3 jackals
  6 kobolds
  3 quokkas
  A ball python (D:3)
  2 frilled lizards
  A leopard gecko skeleton (D:4)
  A quokka skeleton (D:4)
  7 rats
95 creatures vanquished.

Notes
Turn   | Place    | Note
-------+----------+-------------------------------------------
     0 | D:1      | dumss the Hill Orc Fighter began the quest for the Orb.
     0 | D:1      | Reached XP level 1. HP: 19/19 MP: 1/1
   276 | D:1      | Reached skill level 3 in Axes
   315 | D:1      | Reached XP level 2. HP: 11/27 MP: 2/2
   860 | D:2      | Reached XP level 3. HP: 33/33 MP: 3/3
   886 | D:2      | Reached skill level 4 in Fighting
   929 | D:2      | Reached skill level 4 in Axes
  1202 | D:2      | Reached XP level 4. HP: 40/40 MP: 4/4
  1377 | D:2      | Noticed Terence
  1391 | D:2      | Killed Terence
  1429 | D:2      | Reached skill level 4 in Armour
  1754 | D:3      | Noticed Robin
  1774 | D:3      | Reached XP level 5. HP: 45/47 MP: 5/5
  1781 | D:3      | Killed Robin
  1781 | D:3      | Reached skill level 4 in Shields
  2014 | D:3      | Reached skill level 5 in Axes
  2300 | D:3      | Found a runed door.
  2304 | D:3      | Noticed Crazy Yiuf
  2310 | D:3      | Killed Crazy Yiuf
  2483 | D:3      | Reached XP level 6. HP: 51/53 MP: 6/6
  2791 | D:4      | Reached skill level 5 in Fighting
  2791 | D:4      | Reached skill level 6 in Axes
  2795 | D:4      | Noticed Menkaure
  2810 | D:4      | Killed Menkaure
  2810 | D:4      | Reached XP level 7. HP: 21/61 MP: 7/7
  3120 | D:4      | Reached skill level 5 in Armour
  3128 | D:4      | Reached skill level 5 in Shields
  3129 | D:4      | Reached skill level 7 in Axes
  3515 | D:4      | HP: 14/62 [ogre/giant club (20)]
  3516 | D:4      | Mangled by an ogre

Vault maps used:
D:1:      dpeg_arrival_brainrot
D:2:      uniq_terence
D:3:      hangedman_decor_points, uniq_crazy_yiuf_cottage, uniq_robin
D:4:      uniq_menkaure

Skill      XL: |  1  2  3  4  5  6  7 |
---------------+----------------------+-----
Axes           | 3 4 5 6 7 |  7.5
Fighting       | 4 5 |  5.8
Armour         | 4 5 |  5.3
Shields        | 4 5 |  5.3

Action                   |  1- 3 |  4- 6 |  7- 9 || total
-------------------------+-------+-------+-------++-------
Melee: War axe           |   113 |   199 |    46 ||   358
  Use: Scroll            |       |       |     7 ||     7
       Potion            |       |       |     1 ||     1
  Eat: Chunk             |     1 |     5 |       ||     6
       Ration            |       |       |     1 ||     1
Armor: Scale mail        |    59 |   100 |    22 ||   181
Dodge: Dodged            |    46 |    51 |    11 ||   108
Block: Shield            |    62 |   102 |    25 ||   189

Table legend:
 A = Non-vault XP
 B = Vault XP
 C = Vault XP percentage of total XP
 D = Non-vault monster count
 E = Vault monster count
 F = Vault count percentage of total count
                 A         B        C        D         E       F
            +---------+---------+-------+---------+---------+-------
      Total |     889 |     282 |  24.1 |      81 |      14 |  14.7
            +---------+---------+-------+---------+---------+-------
        D:1 |      20 |       2 |   9.1 |      12 |       1 |   7.7
        D:2 |      96 |      36 |  27.3 |      25 |       1 |   3.8
        D:3 |     133 |      75 |  36.1 |      24 |      11 |  31.4
        D:4 |     640 |     169 |  20.9 |      20 |       1 |   4.8
            +---------+---------+-------+---------+---------+-------

Vault maps used:
D:1:      dpeg_arrival_brainrot
D:2:      uniq_terence
D:3:      hangedman_decor_points, uniq_crazy_yiuf_cottage, uniq_robin
D:4:      uniq_menkaure

Table legend:
 A = Turns spent in this place as a percentage of turns spent in the entire game.
 B = Non-inter-level travel turns spent in this place as a percentage of non-inter-level travel turns spent in the entire game.
 C = Inter-level travel turns spent in this place as a percentage of turns spent in this place.
 D = Turns resting spent in this place as a percentage of non-inter-level travel turns spent in this place.
 E = Turns spent auto-exploring this place as a percentage of non-inter-level travel turns spent in this place.
 F = Non-inter-level travel turns spent in this place divided by the number of levels of this place that you've seen.
                   A       B       C       D       E      F
               +-------+-------+-------+-------+-------+----------------------
         Total | 100.0 | 100.0 |   0.8 |  30.6 |  42.2 | 872.0
       Dungeon | 100.0 | 100.0 |   0.8 |  30.6 |  42.2 | 872.0
               +-------+-------+-------+-------+-------+----------------------

Table legend:
 A = Kills in this place as a percentage of kills in entire the game.
 B = Kills by you in this place as a percentage of kills by you in the entire game.
 C = Kills by friends in this place as a percentage of kills by friends in the entire game.
 D = Other kills in this place as a percentage of other kills in the entire game.
 E = Experience gained in this place as a percentage of experience gained in the entire game.
 F = Experience gained in this place divided by the number of levels of this place that you have seen.
                   A       B       C       D       E      F
               +-------+-------+-------+-------+-------+----------------------
         Total | 100.0 | 100.0 |   N/A |   N/A | 100.0 | 292.8
       Dungeon | 100.0 | 100.0 |   N/A |   N/A | 100.0 | 292.8
               +-------+-------+-------+-------+-------+----------------------
